 Dungeon Crawl Stone Soup version 0.30-a0-367-g839099abd5 (webtiles) character file.

Game seed: 14137665238893673131

4104 BritishOli the Fighter (level 10, -3/83 HPs)
             Began as a Demonspawn Gladiator on Nov 18, 2022.
             Slain by a boulder beetle (6 damage)
             ... on level 7 of the Dungeon.
             The game lasted 00:11:45 (7237 turns).

BritishOli the Fighter (Demonspawn Gladiator)       Turns: 7237, Time: 00:11:45

Health: -3/83      AC: 18    Str: 19    XL:     10   Next: 6%
Magic:  10/10      EV: 15    Int: 10    God:
Gold:   549        SH:  0    Dex: 18    Spells: 9/9 levels left

rFire   . . .      SeeInvis +    p - +8 whip of Sedo {protect, rC+ rCorr}
rCold   + . .      Faith    .    (no shield)
rNeg    . . .      Spirit   .    b - +0 leather armour
rPois   .          Reflect  .    (helmet restricted)
rElec   .          Harm     .    J - +2 cloak
rCorr   +          Rampage  .    w - +2 pair of gloves
Will    .....                    o - +0 pair of boots
Stlth   +++.......               (no amulet)
HPRegen 0.33/turn                r - ring of see invisible
MPRegen 0.12/turn                (no ring)

@: under a protective aura
A: antennae 1, thin skeletal structure 2, demonic guardian 1, spiny 2
a: no special abilities


You were on level 7 of the Dungeon.
You visited 1 branch of the dungeon, and saw 7 of its levels.
You also visited: Ossuary.

You collected 549 gold pieces.

Inventory:

Hand Weapons
 a - a +0 war axe
 p - the +8 whip of Sedo (weapon) {protect, rC+ rCorr}
   (You found it on level 2 of the Dungeon)

   It grants its wielder temporary protection when it strikes (+7 to AC).
   rC:        It protects you from cold.
   rCorr:     It protects you from acid and corrosion.
Missiles
 d - 3 throwing nets (quivered)
 e - 6 javelins
Armour
 b - a +0 leather armour (worn)
 c - a +0 helmet
 o - a +0 pair of boots (worn)
 w - a +2 pair of gloves (worn)
 J - a +2 cloak (worn)
Jewellery
 r - a ring of see invisible (left hand)
 C - a ring of wizardry
Wands
 y - a wand of paralysis (10)
 A - a wand of light (13)
 H - a wand of iceblast (1)
 K - a wand of digging (4)
Scrolls
 f - 10 scrolls of identify {unknown}
 g - 2 scrolls of amnesia {unknown}
 h - 5 scrolls of magic mapping {unknown}
 i - 3 scrolls of enchant armour {unknown}
 m - 3 scrolls of fear {unknown}
 n - 2 scrolls of immolation {unknown}
 q - 2 scrolls of silence {unknown}
 t - 2 scrolls of butterflies {unknown}
 u - 3 scrolls of brand weapon {unknown}
 F - a scroll of blinking {unknown}
 G - 3 scrolls of teleportation {unknown}
 I - a scroll of poison {unknown}
Potions
 j - 2 potions of lignification {unknown}
 k - a potion of mutation {unknown}
 l - 6 potions of degeneration {unknown}
 s - 2 potions of heal wounds {unknown}
 v - 6 potions of curing {unknown}
 x - 2 potions of brilliance {unknown}
 z - a potion of haste {unknown}
 B - a potion of flight {unknown}
 D - a potion of resistance {unknown}
 E - 2 potions of ambrosia {unknown}
 L - a potion of berserk rage {unknown}


   Skills:
 * Level 9.2 Fighting
 + Level 6.6 Axes
 - Level 0.1(4.0) Maces & Flails
 - Level 3.2 Throwing
 + Level 5.3 Armour
 + Level 6.6 Dodging


You had 9 spell levels left.
You didn't know any spells.
Your spell library contained the following spells:

 Spells                   Type           Power      Damage    Failure   Level
 Apportation              Tloc           0%         N/A       41%         1
 Necrotise                Necr           0%         1d4       41%         1
 Summon Small Mammal      Summ           0%         N/A       41%         1
 Inner Flame              Hex/Fire       0%         N/A       78%         3
 Anguish                  Hex/Necr       0%         N/A       99%         4
 Cause Fear               Hex            0%         N/A       99%         4
 Enfeeble                 Hex            0%         N/A       100%        7
 Discord                  Hex            0%         N/A       100%        8


Dungeon Overview and Level Annotations

Branches:
Dungeon (7/15)             Temple (0/1) D:7         Ossuary (visited)

Altars:
Gozag
Ru
Uskayaw
Xom

Shops:
D:1 [   D:7 **

Annotations:
D:6 2 transporters, Falherf's ghost, novice SpEn


Innate Abilities, Weirdness & Mutations

You have a pair of small antennae on your head.
You have a moderately thin skeletal structure. (Dex +4, Stealth++)
A weak demonic guardian rushes to your aid.
You are mostly covered in sharp spines.


Message History

The boulder beetle is moderately wounded.
The boulder beetle barely misses you.
You hit the boulder beetle but do no damage.
The boulder beetle is moderately wounded.
The boulder beetle leaps!
You whack the boulder beetle!
The boulder beetle is moderately wounded.
You hit the boulder beetle but do no damage.
The boulder beetle is moderately wounded.
The boulder beetle bites you.
You hit the boulder beetle but do no damage.
The boulder beetle is moderately wounded.
The boulder beetle bites you.
You hit the boulder beetle but do no damage.
The boulder beetle is moderately wounded.
The boulder beetle bites you!
* * * LOW HITPOINT WARNING * * *
You hit the boulder beetle but do no damage.
The boulder beetle is moderately wounded.
The boulder beetle bites you but does no damage.
You hit the boulder beetle but do no damage.
The boulder beetle is moderately wounded.
The boulder beetle is struck by your spines.
The boulder beetle bites you.
* * * LOW HITPOINT WARNING * * *
Okay, then.
You hit the boulder beetle.
The boulder beetle is heavily wounded.
The boulder beetle bites you!
* * * LOW HITPOINT WARNING * * *
A demonic guardian appears!
Aiming: Paralyse
Press: ? - help, Shift-Dir - straight line, f - boulder beetle
Aim: a boulder beetle (moderately wounded, ally target, chance to affect: 31%)
Okay, then.
Aiming: Paralyse
Press: ? - help, Shift-Dir - straight line, f - boulder beetle
Aim: a boulder beetle (moderately wounded, ally target, chance to affect: 31%)
The boulder beetle easily resists.
The boulder beetle bites you.
You die...

...#.###...# ##..............
.###.#...#### ##.............##
.....##.....#####..............##
.....##...#.....#..#.#.#.......#
.###......####..#.#######......#
.. #..##..# #..##### ##......#
.###..###..# ####...####..##.#..#
......# ..... #..# #.##..#####..
.....## #..#..#.@####....## #...#
.###.# ...######B5.#...## #..###
.#.#.# ..# #.......(##....##
.#.#.# ###...#....#......# .....#
#..####............ ##.#.#
####..#.)#............
##...#######..###..)#.......#....
.......##..#....#####.##..#...#..
######..........#..###..#...#...#


You could see a boulder beetle (ally target) and a friendly shadow imp
(summoned).

Vanquished Creatures
  A deep elf pyromancer (D:7)
  Pikel (D:6)
  An ugly thing (D:7)
  A gargoyle (D:7)
  The ghost of bosakos the Covered, an amateur MiFi (D:4)
  Sigmund (D:2)
  4 yaks (D:6)
  A wraith (D:7)
  A steam dragon (D:7)
  Edmund (D:6)
  An ice beast (D:4)
  A water moccasin (D:7)
  A centaur (D:5)
  An ogre (D:5)
  A phantom (D:4)
  A kobold brigand (D:4)
  A bullfrog (D:6)
  A necrophage (D:5)
  A scorpion (D:7)
  A howler monkey (D:6)
  A human zombie (Ossuary)
  A jelly (D:5)
  Crazy Yiuf (D:6)
  An orc priest (D:6)
  An iguana (D:4)
  Terence (D:2)
  2 orc wizards (D:5)
  2 hound zombies (Ossuary)
  5 mummies
  4 gnolls
  3 adders
  A shadow imp (D:6)
  A white imp (D:6)
  3 ufetubi (D:5)
  3 adder zombies (Ossuary)
  2 worms
  2 dart slugs
  15 orcs
  9 endoplasms
  A gnoll zombie (Ossuary)
  7 goblins
  9 hobgoblins
  15 jackals
  4 quokkas
  14 ball pythons
  9 bats
  2 frilled lizards (D:1)
  A goblin zombie (Ossuary)
  A hobgoblin zombie (Ossuary)
  12 kobolds
  2 kobold zombies (Ossuary)
  An orc zombie (Ossuary)
  5 rats
164 creatures vanquished.

Notes
Turn   | Place    | Note
-------+----------+-------------------------------------------
     0 | D:1      | BritishOli the Demonspawn Gladiator began the quest for the
                  | Orb.
     0 | D:1      | Reached XP level 1. HP: 16/16 MP: 1/1
   126 | D:1      | Gained mutation: You are partially covered in sharp spines.
                  | [demonic ancestry]
   126 | D:1      | Reached XP level 2. HP: 22/22 MP: 2/2
   300 | D:1      | Found Cuoprupt's Armour Shoppe.
   495 | D:1      | Gained mutation: You are mostly covered in sharp spines.
                  | [demonic ancestry]
   495 | D:1      | Reached XP level 3. HP: 28/28 MP: 3/3
   753 | D:2      | Noticed Terence
   761 | D:2      | Killed Terence
   835 | D:2      | Noticed Sigmund
   891 | D:2      | Killed Sigmund
   892 | D:2      | Reached skill level 3 in Fighting
   892 | D:2      | Reached XP level 4. HP: 28/35 MP: 4/4
   892 | D:2      | Gained mutation: You have a somewhat thin skeletal
                  | structure. (Dex +2, Stealth+) [demonic ancestry]
   892 | D:2      | Reached XP level 5. HP: 32/41 MP: 5/5
  1316 | D:2      | Gained mutation: A weak demonic guardian rushes to your
                  | aid. [demonic ancestry]
  1316 | D:2      | Reached XP level 6. HP: 43/47 MP: 6/6
  1415 | D:2      | Found a sacrificial altar of Ru.
  1439 | D:2      | Identified the +8 whip of Sedo {protect, rC+ rCorr}
  2261 | D:4      | Found a runed translucent gate.
  2267 | D:4      | Found a runed translucent gate.
  2267 | D:4      | Found a runed translucent gate.
  2267 | D:4      | Found an opulent altar of Gozag.
  2268 | D:4      | Noticed an ice beast
  2269 | D:4      | Noticed bosakos's ghost (amateur MiFi)
  2625 | D:4      | Reached skill level 4 in Fighting
  2625 | D:4      | Reached skill level 1 in Armour
  2881 | D:4      | Found a hide-covered altar of Uskayaw.
  3106 | D:5      | Entered Level 5 of the Dungeon
  3194 | D:5      | Reached XP level 7. HP: 54/55 MP: 7/7
  3695 | D:5      | Reached skill level 5 in Fighting
  3738 | D:5      | Found a sand-covered staircase.
  3747 | Ossuary  | Entered an ossuary
  4455 | D:6      | Found a transporter.
  4455 | D:6      | Noticed Falherf's ghost (novice SpEn)
  4457 | D:6      | Noticed a yak
  4458 | D:6      | Noticed a kobold demonologist
  4461 | D:6      | Found a transporter.
  4472 | D:6      | Noticed Edmund
  4487 | D:6      | Killed Edmund
  4488 | D:6      | Reached XP level 8. HP: 46/64 MP: 8/8
  4721 | D:6      | Reached skill level 6 in Fighting
  4767 | D:6      | Found a shimmering altar of Xom.
  4805 | D:6      | Noticed Pikel
  4814 | D:6      | Killed Pikel
  4815 | D:6      | Reached skill level 5 in Axes
  4815 | D:6      | Reached skill level 5 in Dodging
  4988 | D:6      | Found a runed translucent door.
  4989 | D:6      | Noticed Crazy Yiuf
  5345 | D:6      | Killed Crazy Yiuf
  5697 | D:4      | Killed bosakos's ghost
  5698 | D:4      | Reached skill level 7 in Fighting
  5702 | D:4      | Gained mutation: You have a moderately thin skeletal
                  | structure. (Dex +4, Stealth++) [demonic ancestry]
  5702 | D:4      | Reached XP level 9. HP: 40/72 MP: 9/9
  5996 | D:6      | Reached skill level 8 in Fighting
  6408 | D:7      | Found a staircase to the Ecumenical Temple.
  6485 | D:7      | Noticed a gargoyle
  6842 | D:7      | Killed a gargoyle
  7083 | D:7      | Found Itreqegg's General Store.
  7083 | D:7      | Found Igaffytu's Specific Store.
  7174 | D:7      | Noticed a deep elf pyromancer
  7185 | D:7      | Killed a deep elf pyromancer
  7186 | D:7      | Reached skill level 9 in Fighting
  7186 | D:7      | Reached skill level 5 in Armour
  7194 | D:7      | Noticed a white ugly thing
  7195 | D:7      | Noticed a boulder beetle
  7207 | D:7      | Killed a white ugly thing
  7208 | D:7      | Gained mutation: You have a pair of small antennae on your
                  | head. [demonic ancestry]
  7208 | D:7      | Reached XP level 10. HP: 57/83 MP: 10/10
  7236 | D:7      | HP: 2/83 [boulder beetle (15)]
  7237 | D:7      | Slain by a boulder beetle

Illustrated notes

Levels and vault maps discovered:
D:1:      reono_arrival_mine, layout_loops_ring, serial_shops, shop, st_stairs_5
D:2:      layout_basic, basic_altar, uniq_sigmund, uniq_terence
D:3:      layout_loops_ring
D:4:      cheibrodos_thug_alley, layout_basic,
          nicolae_uskayaw_murder_on_the_dancefloor, ebering_ghost_gozag
D:5:      layout_basic, gup_ossuary_entry_pyramid, serial_co_window_serial,
          co_window_corner_a, co_window_of_opportunity_a, co_window_cross_1,
          co_window_paths_b, co_window_corner_a, co_window_paths_a,
          co_window_of_opportunity_a, co_window_broadway_c,
          co_window_broadway_b, co_window_2corner, glass_columns_c,
          glass_columns_c
D:6:      layout_basic, mainiacjoe_overflow_chevrons, gammafunk_ghost_arena,
          minmay_microvault, uniq_pikel, uniq_crazy_yiuf_cottage, uniq_edmund
D:7:      minmay_blocky_corners, layout_cave_pools, general_overflow_altar,
          minmay_temple_entry_poolview, serial_shops, shop,
          nicolae_specific_store, minmay_misc_feat_secret_circle,
          kennysheep_donut, grunt_ministairs_13, hex_medium,
          minmay_misc_feat_nine_boxes

Skill      XL: |  1  2  3  4  5  6  7  8  9 |
---------------+----------------------------+-----
Throwing       | 2 3 |  3.2
Axes           | 3 4 5 6 |  6.6
Dodging        | 3 4 5 6 |  6.6
Fighting       | 3 4 5 7 9 |  9.2
Armour         | 1 2 3 5 |  5.3
Maces & Flails | |  0.1

Action                   |  1- 3 |  4- 6 |  7- 9 | 10-12 || total
-------------------------+-------+-------+-------+-------++-------
Melee: War axe           |    64 |    23 |       |       ||    87
       Punch             |     1 |       |     2 |       ||     3
       Whip              |       |    70 |   233 |    28 ||   331
Evoke: Wand              |       |       |     1 |     1 ||     2
 Stab: Sleeping          |     1 |     9 |     5 |       ||    15
       Distracted        |       |       |     1 |       ||     1
Armor: Leather armour    |    11 |    26 |    79 |     6 ||   122
Dodge: Dodged            |    38 |    43 |   125 |     8 ||   214

Table legend: (Time is in decaauts)
 A = Elapsed time spent in this place.
 B = Non-inter-level travel time spent in this place.
 C = Inter-level travel time spent in this place.
 D = Time resting spent in this place.
 E = Time spent auto-exploring this place.
 F = Levels seen in this place.
 G = Mean time per level.
                   A        B        C        D        E       F      G
               +--------+--------+--------+--------+--------+-----+--------+
         Total |   7256 |   6623 |    633 |    948 |   4529 |   8 |  907.0 |
       Dungeon |   7074 |   6441 |    633 |    948 |   4418 |   7 | 1010.6 |
       Ossuary |    181 |    181 |      0 |      0 |    111 |   1 |  181.0 |
               +--------+--------+--------+--------+--------+-----+--------+

Top non-repeatable levels by time:
     D:6: 1651 daAuts
     D:5: 1422 daAuts
     D:4: 1147 daAuts
     D:1: 913 daAuts
     D:2: 721 daAuts
     D:7: 637 daAuts
     D:3: 580 daAuts
 Ossuary: 181 daAuts
